 Dungeon Crawl Stone Soup version 0.31-a0-257-gf185e81a89 (webtiles) character file.

Game seed: 5434083179540123030

581 qw the Shooter (level 7, 0/43 HPs)
             Began as a Gargoyle Hexslinger on July 12, 2023.
             Slain by an orc
             ... wielding a +0 club
              (2 damage)
             ... on level 4 of the Dungeon.
             The game lasted 00:01:17 (3084 turns).

qw the Shooter (Gargoyle Hexslinger)                Turns: 3084, Time: 00:01:17

Health: 0/43       AC: 10    Str: 12    XL:     7   Next: 36%
Magic:  8/8        EV: 10    Int: 13    God:
Gold:   134        SH:  0    Dex: 14    Spells: 7/8 levels left

rFire   . . .        Y - +1 sling (heavy)
rCold   . . .        (no shield)
rNeg    + . .        e - +0 ring mail
rPois   inf          (no helmet)
rElec   +            (no cloak)
rCorr   .            (no gloves)
SInv    .            (no boots)
Will    .....        (no amulet)
Stlth   +            (no ring)
HPRegen 0.27/turn    (no ring)
MPRegen 0.11/turn

%: no passive effects
@: no status effects
A: sickness immunity, AC +4, negative energy resistance 1, electricity
resistance, torment resistance 1, petrification resistance
a: no special abilities


You were on level 4 of the Dungeon.
You visited 1 branch of the dungeon, and saw 4 of its levels.

You collected 134 gold pieces.


Innate Abilities, Weirdness & Mutations

You are immune to sickness and miasma.
Your stone body is resilient. (AC +4)
You are immune to poison.
You resist negative energy. (rN+)
You are resistant to electric shocks. (rElec)
You are resistant to unholy torment.
You are immune to petrification.


   Skills:
 - Level 4.2 Fighting
 + Level 6.7 Ranged Weapons
 - Level 1.0 Armour
 - Level 1.5 Dodging
 - Level 1.0 Spellcasting
 - Level 2.6 Hexes


You had 7 spell levels left.
You knew the following spells:

 Your Spells              Type           Power      Damage    Failure   Level
a - Slow                  Hex            28%        N/A       22%         1

Your spell library contained the following spells:

 Spells                   Type           Power      Damage    Failure   Level
 Inner Flame              Hex/Fire       4%         N/A       73%         3
 Portal Projectile        Hex/Tloc       8%         N/A       73%         3
 Cause Fear               Hex            3%         N/A       91%         4

Inventory:

Hand Weapons
 Y - a +1 heavy sling (weapon)
Armour
 e - a +0 ring mail (worn)
Scrolls
 a - 2 scrolls of identify
Potions
 b - 2 potions of curing
 d - a potion of haste

Dungeon Overview and Level Annotations

Branches:
Dungeon (4/15)
 Temple: D:4-7

Altars:
Fedhas
Uskayaw


Message History

You shoot a sling bullet. The sling bullet hits the orc priest.
The orc priest is almost dead.
The hound closely misses you. The hound bites you but does no damage.
The orc closely misses you. x2
The orc priest hits you but does no damage.
The hound bites you but does no damage.
You shoot a sling bullet. The sling bullet hits the orc priest!
You kill the orc priest!
The orc closely misses you. The hound closely misses you.
The orc hits you but does no damage. x2; The orc closely misses you.
The hound barely misses you.
You shoot a sling bullet.
The sling bullet closely misses the hound.
The hound barely misses you. The orc barely misses you.
The orc hits you but does no damage. The hound bites you.
The orc barely misses you. The orc hits you but does no damage.
The hound barely misses you.
You shoot a sling bullet.
The sling bullet closely misses the hound.
The hound misses you. The orc misses you. The orc barely misses you.
The hound misses you. The orc closely misses you. x2
You shoot a sling bullet.
The sling bullet closely misses the hound.
The hound bites you.
The hound stops to sniff the ground.
The hound barely misses you. The orc hits you but does no damage.
A goblin comes into view. It is wielding a +0 mace.
The orc hits you but does no damage. The hound bites you but does no damage.
You shoot a sling bullet.
The sling bullet barely misses the hound.
The goblin shouts!
The hound bites you but does no damage. The orc hits you but does no damage.
The orc misses you. The hound barely misses you. The orc barely misses you.
The orc hits you with a +0 club. The hound bites you.
You shoot a sling bullet. The sling bullet hits the hound.
The hound is moderately wounded.
The hound closely misses you. The orc closely misses you. x2
The hound misses you. The orc barely misses you.
The orc hits you with a +0 club.
You die...

...... .o..#
.... .$.#
#..# #..# ##
..### ##.#
..#
.....###).##
...##
......h@o..#
.....
...8.8.8o..#
.....
...........##
....#
....g.......#
#.###
..#....[....#
# #. .
#_).......#
##.
.#.........#
#..
...........##
##..
...^........#
#...


You could see a hound, 2 orcs and a goblin.

Vanquished Creatures
  Sigmund (D:2)
  An ogre (D:3)
  A scorpion (D:4)
  2 orc priests (D:4)
  Ijyb (D:4)
  Jessica (D:2)
  4 gnolls (D:4)
  6 adders
  An ufetubus (D:4)
  A worm (D:2)
  A dart slug (D:2)
  2 orcs
  5 endoplasms
  4 giant cockroaches
  8 goblins
  5 hobgoblins
  2 jackals (D:1)
  6 kobolds
  6 ball pythons
  4 bats
  5 frilled lizards
  5 rats
72 creatures vanquished.

Notes
Turn   | Place    | Note
-------+----------+-------------------------------------------
     0 | D:1      | qw the Gargoyle Hexslinger began the quest for the Orb.
     0 | D:1      | Reached XP level 1. HP: 12/12 MP: 2/2
     0 | D:1      | 0 ||| qw: Version: 0.3-a-52-g30416fa
     0 | D:1      | 0 ||| qw: Game counter: 6788
     0 | D:1      | 0 ||| qw: Melee chars always use a shield: true
     0 | D:1      | 0 ||| qw: God list: Okawaru
     0 | D:1      | 0 ||| qw: Allow faded altars: false
     0 | D:1      | 0 ||| qw: Do Orc after clearing Dungeon:15 true
     0 | D:1      | 0 ||| qw: Do second Lair branch before Depths: true
     0 | D:1      | 0 ||| qw: Lair rune preference: random
     0 | D:1      | 0 ||| qw: Goals: Normal
     0 | D:1      | 0 ||| PLANNING D:1-11
    91 | D:1      | Reached XP level 2. HP: 16/16 MP: 3/3
   260 | D:1      | Reached skill level 3 in Ranged Weapons
   759 | D:1      | 759 ||| UPGRADING to +0 ring mail.
   769 | D:1      | 769 ||| DROPPING +0 robe.
   770 | D:1      | 770 ||| READING 2 scrolls labelled PEEJOFRIMU.
   771 | D:1      | 771 ||| READING scroll labelled YLEREOBLYI.
   772 | D:1      | 772 ||| DROPPING scroll of poison.
   846 | D:2      | Noticed Jessica
   854 | D:2      | Killed Jessica
   855 | D:2      | Reached XP level 3. HP: 14/22 MP: 4/4
  1077 | D:2      | Noticed Sigmund
  1100 | D:2      | 1100 ||| FLEEEEING.
  1101 | D:2      | 1101 ||| FLEEEEING.
  1102 | D:2      | 1102 ||| FLEEEEING.
  1106 | D:2      | Killed Sigmund
  1107 | D:2      | Reached skill level 5 in Ranged Weapons
  1107 | D:2      | Reached XP level 4. HP: 11/27 MP: 5/5
  1107 | D:2      | Reached XP level 5. HP: 12/31 MP: 6/6
  1109 | D:2      | 1109 ||| FLEEEEING.
  1110 | D:2      | 1110 ||| FLEEEEING.
  1111 | D:2      | 1111 ||| FLEEEEING.
  1115 | D:2      | 1115 ||| FLEEEEING.
  1116 | D:2      | 1116 ||| FLEEEEING.
  1117 | D:2      | 1117 ||| FLEEEEING.
  1118 | D:2      | 1118 ||| FLEEEEING.
  1120 | D:2      | 1120 ||| STAIRDANCE
  1181 | D:2      | 1181 ||| STAIRDANCE
  1351 | D:2      | Reached skill level 1 in Armour
  1550 | D:2      | Reached XP level 6. HP: 36/36 MP: 7/7
  1657 | D:2      | Reached skill level 3 in Fighting
  1790 | D:2      | 1790 ||| READING scroll of brand weapon.
  1790 | D:2      | 1790 ||| BRANDING +1 sling of chaos.
  1900 | D:2      | Found a faded altar of an unknown god.
  2253 | D:3      | Reached skill level 6 in Ranged Weapons
  2483 | D:3      | Found a blossoming altar of Fedhas.
  2685 | D:3      | 2685 ||| DRINKING 3 glowing sapphire potions.
  2686 | D:3      | 2686 ||| DRINKING 2 sedimented amethyst potions.
  2687 | D:3      | 2687 ||| READING 3 scrolls of identify.
  2687 | D:3      | 2687 ||| IDENTIFYING bubbling ruby potion
  2725 | D:4      | Noticed Ijyb
  2730 | D:4      | HP: 6/37 [disintegration (14)]
  2731 | D:4      | 2731 ||| DRINKING potion of heal wounds.
  2733 | D:4      | Killed Ijyb
  2920 | D:4      | Reached XP level 7. HP: 42/43 MP: 8/8
  3050 | D:4      | Found a hide-covered altar of Uskayaw.
  3066 | D:4      | 3066 ||| Stepping ~*~*~tactically~*~*~ (outnumbered).
  3067 | D:4      | 3067 ||| Stepping ~*~*~tactically~*~*~ (outnumbered).
  3076 | D:4      | HP: 9/43 [hound (5)]
  3082 | D:4      | HP: 7/43 [hound (1)]
  3083 | D:4      | HP: 1/43 [hound (4)]
  3084 | D:4      | Slain by an orc

Levels and vault maps discovered:
D:1:      co_arrival_square_in_a_square_in_a_square, layout_basic,
          chequers_big_river
D:2:      layout_basic, serial_co_window_serial, co_window_cross_1,
          co_window_corner_a, co_window_paths_b, co_window_corner_a,
          co_window_paths_a, co_window_broadway_a, co_window_corner_ca,
          co_window_paths_c, co_window_of_opportunity_b, co_window_2corner,
          co_window_corner_ca, co_window_broadway_b, co_window_paths_d,
          co_window_sun, ebering_ecumenical_altar_webs,
          minmay_gold_behind_fungi, minmay_tall_x, uniq_sigmund, uniq_jessica
D:3:      cheibrodos_helix_gallery, layout_basic, lemuel_doored_altar
D:4:      layout_cave_pods, eat_drink_and_be_merry_uskayaw,
          ebering_dispersal_statue_hall, minmay_misc_feat_more_columns,
          uniq_menkaure, uniq_ijyb

Skill      XL: |  1  2  3  4  5  6 |
---------------+-------------------+-----
Ranged Weapons | 3 5 6 |  6.7
Fighting       | 2 4 |  4.2
Armour         | 1 |  1.0
Dodging        | |  1.5
Spellcasting   | |  1.0
Hexes          | |  2.6

Action                     |  1- 3 |  4- 6 |  7- 9 || total
---------------------------+-------+-------+-------++-------
   Fire: Sling             |    65 |   149 |    32 ||   246
    Use: Scroll            |     2 |     2 |       ||     4
         Potion            |       |     3 |       ||     3
 Armour: Robe              |     8 |       |       ||     8
         Ring mail         |     3 |    52 |    28 ||    83
  Dodge: Dodged            |    15 |    57 |    43 ||   115

Table legend:
 A = Non-vault XP
 B = Vault XP
 C = Vault XP percentage of total XP
 D = Non-vault monster count
 E = Vault monster count
 F = Vault count percentage of total count
                 A         B        C        D         E       F
            +---------+---------+-------+---------+---------+-------
      Total |     508 |     322 |  38.8 |      63 |       9 |  12.5
            +---------+---------+-------+---------+---------+-------
        D:1 |      26 |       0 |   0.0 |      16 |       0 |   0.0
        D:2 |      66 |     268 |  80.2 |      23 |       6 |  20.7
        D:3 |     131 |      16 |  10.9 |       9 |       2 |  18.2
        D:4 |     285 |      38 |  11.8 |      15 |       1 |   6.2
            +---------+---------+-------+---------+---------+-------
